 Dungeon Crawl Stone Soup version 0.22-a0-348-gd16d139 (webtiles) character file.

18648 Amnesiac the Thaumaturge (level 12, -6/88 HPs)
             Began as a Mummy Earth Elementalist on Apr 10, 2018.
             Was a High Priest of Sif Muna.
             Killed from afar by a lindwurm (27 damage)
             ... with a blast of flame
             ... on level 11 of the Dungeon.
             The game lasted 00:24:33 (11519 turns).

Amnesiac the Thaumaturge (MuEE)                    Turns: 11519, Time: 00:24:34

Health: -6/88      AC:  7    Str: 13    XL:     12   Next: 29%
Magic:  16/26      EV: 15    Int: 18    God:    Sif Muna [*****.]
Gold:   467        SH:  0    Dex: 12    Spells: 8/32 levels left

rFire    . . .     SeeInvis .   b - +3 blowgun
rCold    + . .     Gourm    .   (no shield)
rNeg     + + +     Faith    .   u - +0 leather armour {rF+}
rPois    ∞         Spirit   .   r - +1 helmet
rElec    .         Reflect  .   m - +0 cloak
rCorr    .         Harm     .   (no gloves)
MR       +....                  j - +0 pair of boots
Stlth    +.........             p - amulet of magic regeneration
HPRegen  0.24/turn              (no ring)
MPRegen  0.45/turn              (no ring)

@: divine energy
A: no food or potions, fire vulnerability, cold resistance 1, negative energy
resistance 3, torment resistance, unbreathing
a: Stop Divine Energy, Channel Magic, Forget Spell, Renounce Religion


You were on level 11 of the Dungeon.
You worshipped Sif Muna.
Sif Muna was extremely pleased with you.
You were not hungry.

You visited 1 branch of the dungeon, and saw 11 of its levels.

You collected 467 gold pieces.

Inventory:

Hand Weapons
 a - a +0 dagger
 b - a +3 blowgun (weapon)
 q - a +5 club
Missiles
 f - 61 poisoned needles (quivered)
 o - a throwing net
 t - 278 stones
Armour
 j - a +0 pair of boots (worn)
 m - a +0 cloak (worn)
 n - the +2 leather armour of Ussuq {rElec Dex+2}
   (You found it on level 8 of the Dungeon)

   It affects your dexterity (+2).
   It insulates you from electricity.
 r - a +1 helmet (worn)
 u - a +0 leather armour of fire resistance (worn)
Jewellery
 k - an uncursed amulet of guardian spirit
 p - an amulet of magic regeneration (around neck)
Wands
 s - a wand of flame (28)
 v - a wand of polymorph (10)
 w - a wand of iceblast (19)
 x - a wand of enslavement (12)
 A - a wand of acid (2)
 B - a wand of scattershot (5)
Scrolls
 c - 7 scrolls of remove curse {!r}
 d - 3 scrolls of amnesia {!r}
 e - a scroll of fog {!r}
 g - a scroll of blinking {!r}
 h - 6 scrolls of teleportation {!r}
 i - 4 scrolls of enchant armour {!r}
 l - 10 scrolls of identify {!r}
 z - a scroll of torment {!r, unknown}
Miscellaneous
 y - a lightning rod (4/4)


   Skills:
 + Level 6.1 Fighting
 * Level 7.7 Dodging
 - Level 1.5 Stealth
 - Level 10.6 Spellcasting
 - Level 0.7 Transmutations
 - Level 10.6 Earth Magic
 - Level 8.0 Invocations


You had 8 spell levels left.
You knew the following spells:

 Your Spells              Type           Power        Failure   Level  Hunger
a - Stone Arrow           Conj/Erth      ####..       3%          3    N/A
b - Passwall              Tmut/Erth      ####......   1%          2    N/A
c - Sandblast             Erth           #####.       1%          1    N/A
d - Lee's Rapid Deconstr  Erth           #####.....   3%          5    N/A
e - Petrify               Tmut/Erth      ####....     9%          4    N/A
f - Shatter               Erth           #####.....   100%        9    N/A

Dungeon Overview and Level Annotations

Branches:
Dungeon (11/15)            Temple (0/1) D:7            Lair (0/6) D:10
    Orc (0/2) D:11

Altars:
Hepliaklqana
Kikubaaqudgha
Okawaru
Ru
Sif Muna
Vehumet
Wu Jian
Zin
The Shining One


Innate Abilities, Weirdness & Mutations

You do not eat or drink.
Your flesh is vulnerable to fire.
You are immune to poison.
Your flesh is cold resistant. (rC+)
You are immune to negative energy. (rN+++)
You are immune to unholy pain and torment.
You can survive without breathing.


Message History

Casting: Lee's Rapid Deconstruction (safe; 3% risk of failure)
Confirm with . or Enter, or press ? or * to list all spells.
Aiming: Lee's Rapid Deconstruction (safe; 3% risk of failure)
Press: ? - help, Dir - move target cursor The wall shatters!
The blast of rock fragments hits the lindwurm.
The lindwurm is almost dead.
Sif Muna grants you divine energy.
You briefly lose access to your magic!
Unknown command.
You regain access to your magic.
Found a scroll of remove curse.
Casting: Lee's Rapid Deconstruction (safe; 3% risk of failure)
Confirm with . or Enter, or press ? or * to list all spells.
Aiming: Lee's Rapid Deconstruction (safe; 3% risk of failure)
Press: ? - help, Dir - move target cursor The wall shatters!
Sif Muna accepts your kill.
You feel a bit more experienced.
The blast of rock fragments hits the lindwurm.
The lindwurm is heavily wounded.
Sif Muna grants you divine energy.
You briefly lose access to your magic!
Unknown command.
You regain access to your magic.
c - 7 scrolls of remove curse {!r} (gained 1)
Casting: Lee's Rapid Deconstruction (safe; 3% risk of failure)
Confirm with . or Enter, or press ? or * to list all spells.
Aiming: Lee's Rapid Deconstruction (safe; 3% risk of failure)
Press: ? - help, Dir - move target cursor The wall shatters!
The blast of rock fragments hits the lindwurm.
The lindwurm is severely wounded.
Unknown command.
Casting: Lee's Rapid Deconstruction (safe; 3% risk of failure)
Confirm with . or Enter, or press ? or * to list all spells.
Okay, then.
Found a scimitar, a ration and a lightning rod (4/4).
An ogre comes into view. It is wielding a giant club.
The lindwurm breathes flames at you. The blast of flame hits you!
Ouch! That really hurt!
* * * LOW HITPOINT WARNING * * *
Why would you want to do that?
Unknown command.
What are your orders? t - Shout!
Orders for allies: a - Attack new target. r - Retreat! s - Stop attacking. g - Guard the area. f - Follow me.
Anything else - Cancel.
You shout for attention!
Casting: Lee's Rapid Deconstruction (safe; 3% risk of failure)
Confirm with . or Enter, or press ? or * to list all spells.
Aiming: Lee's Rapid Deconstruction (safe; 3% risk of failure)
Press: ? - help, Dir - move target cursor, f - you You cannot affect that.
Okay, then.
The lindwurm breathes flames at you. The blast of flame hits you!
* * * LOW HITPOINT WARNING * * *
The lindwurm breathes flames at you. The blast of flame hits you!
You die...

..O. #..≈≈≈≈..#.) ..≈≈≈≈.
...##.§§≈≈≈≈..####.§§≈§≈≈.
.......≈≈≈≈≈........≈≈§≈≈.
#....≈§§≈§≈k.†.≈≈≈§§≈..
#.§§.≈≈≈≈≈≈≈≈≈§≈≈≈§§≈$.
#.§...≈≈≈≈≈≈≈≈≈≈≈≈§≈§..
##.§...≈≈§≈≈≈≈≈≈≈≈≈§§..
#.......≈≈≈≈≈≈≈≈......
##...@.....≈≈.........
##..................#
############.....###
#######


You could see a lindwurm.

Vanquished Creatures
  Gastronok (D:9)
  The ghost of PaperRat the Cleaver, a journeyman HaBe of Trog (D:11)
  Josephine (D:10)
  A centaur warrior (D:8)
  4 two-headed ogres
  An unseen horror (D:10)
  Pikel (D:9)
  3 lindwurms (D:11)
  2 ugly things (D:11)
  Maurice (D:8)
  A tengu conjurer (D:10)
  A troll (D:10)
  3 hippogriffs
  Sigmund (D:5)
  5 wraiths
  5 yaks
  A wyvern (D:9)
  2 hungry ghosts
  A vampire (D:9)
  A steam dragon (D:8)
  Edmund (D:5)
  3 water moccasins
  5 orc warriors
  4 porcupines
  A black bear (D:8)
  2 ice beasts
  A sky beast (D:7)
  2 slaves (D:9)
  5 centaurs
  5 ogres
  A crocodile (D:10)
  6 bullfrogs
  A gnoll sergeant (D:9)
  3 scorpions
  27 killer bees
  5 wights
  A howler monkey (D:7)
  3 electric eels (D:9)
  2 centaur zombies
  2 quasits
  2 crimson imps
  2 jellies
  Crazy Yiuf (D:5)
  4 hounds
  An orc priest (D:7)
  7 orc wizards
  A bullfrog skeleton (D:7)
  6 worker ants
  2 killer bee zombies
  2 hound skeletons
  3 worker ant zombies
  Robin (D:3)
  10 gnolls
  8 adders
  3 shadow imps
  An ooze (D:1)
  An adder skeleton (D:9)
  A worm (D:3)
  6 leopard geckos
  33 orcs
  A ball python (D:2)
  8 bats
  7 giant cockroaches
  12 goblins
  14 hobgoblins
  11 jackals
  7 kobolds
  3 quokkas
  A frilled lizard (D:2)
  A leopard gecko skeleton (D:8)
  A quokka skeleton (D:4)
  5 rats
283 creatures vanquished.

Vanquished Creatures (others)
  A slave (D:9)
  19 fungi (D:10)
  15 plants
35 creatures vanquished.

Grand Total: 318 creatures vanquished

Notes
Turn   | Place    | Note
-------+----------+-------------------------------------------
     0 | D:1      | Amnesiac the Mummy Earth Elementalist began the quest for the Orb.
     0 | D:1      | Reached XP level 1. HP: 13/13 MP: 4/4
   531 | D:1      | Reached XP level 2. HP: 16/19 MP: 0/5
  1081 | D:2      | Reached XP level 3. HP: 25/25 MP: 2/7
  1129 | D:2      | Learned a level 2 spell: Passwall
  1657 | D:3      | Reached skill level 1 in Fighting
  1833 | D:3      | Reached XP level 4. HP: 22/32 MP: 2/8
  1858 | D:3      | Learned a level 4 spell: Petrify
  2261 | D:3      | Reached XP level 5. HP: 36/37 MP: 6/10
  2273 | D:3      | Noticed Robin
  2275 | D:3      | Killed Robin
  2846 | D:4      | Found an ornate altar of the Wu Jian Council.
  2976 | D:4      | Reached XP level 6. HP: 44/44 MP: 10/12
  3034 | D:4      | Found an iron altar of Okawaru.
  3179 | D:4      | Identified the Volume of Protection
  3304 | D:4      | Found a deep blue altar of Sif Muna.
  3304 | D:4      | Found a glowing silver altar of Zin.
  3306 | D:4      | Found an ancient bone altar of Kikubaaqudgha.
  3330 | D:4      | Became a worshipper of Sif Muna the Loreminder
  3342 | D:5      | Entered Level 5 of the Dungeon
  3543 | D:5      | Noticed Sigmund
  3554 | D:5      | Killed Sigmund
  3554 | D:5      | Reached skill level 5 in Spellcasting
  3554 | D:5      | Reached skill level 5 in Earth Magic
  3554 | D:5      | Reached XP level 7. HP: 37/50 MP: 6/14
  3801 | D:5      | Found a runed door.
  3859 | D:5      | Noticed Edmund
  3883 | D:5      | Killed Edmund
  3883 | D:5      | Reached * piety under Sif Muna
  3927 | D:5      | Learned a level 3 spell: Stone Arrow
  3933 | D:5      | Learned a level 5 spell: Lee's Rapid Deconstruction
  4258 | D:5      | Noticed Crazy Yiuf
  4261 | D:5      | Killed Crazy Yiuf
  4391 | D:6      | Reached XP level 8. HP: 51/56 MP: 0/17
  4865 | D:6      | Reached ** piety under Sif Muna
  5029 | D:7      | Found a staircase to the Ecumenical Temple.
  5214 | D:7      | Noticed a hippogriff
  5220 | D:7      | Killed a hippogriff
  5319 | D:7      | Found a sacrificial altar of Ru.
  5448 | D:7      | Reached XP level 9. HP: 61/61 MP: 11/20
  5478 | D:7      | Reached *** piety under Sif Muna
  6042 | D:8      | Noticed a two-headed ogre
  6381 | D:8      | Killed a two-headed ogre
  6381 | D:8      | Reached **** piety under Sif Muna
  6446 | D:8      | Noticed a centaur warrior
  6604 | D:8      | Noticed a two-headed ogre
  6611 | D:8      | Killed a two-headed ogre
  6611 | D:8      | Reached skill level 10 in Spellcasting
  6611 | D:8      | Reached skill level 10 in Earth Magic
  6611 | D:8      | Reached XP level 10. HP: 67/67 MP: 10/24
  6736 | D:8      | Got a brightly glowing leather armour
  6747 | D:8      | Identified the +2 leather armour of Ussuq {rElec Dex+2} (You found it on level 8 of the Dungeon)
  6816 | D:8      | Killed a centaur warrior
  6816 | D:8      | Reached ***** piety under Sif Muna
  6841 | D:8      | Identified Sif Muna's Tome of Ashen Dislocation (Sif Muna gifted it to you on level 8 of the Dungeon)
  6841 | D:8      | Received a gift from Sif Muna
  6936 | D:8      | Noticed Maurice
  6947 | D:8      | Killed Maurice
  7221 | D:9      | Noticed Gastronok
  7594 | D:9      | Killed Gastronok
  7594 | D:9      | Reached skill level 5 in Invocations
  7693 | D:9      | Reached XP level 11. HP: 72/72 MP: 19/25
  7851 | D:9      | Found a glowing golden altar of the Shining One.
  7865 | D:9      | Found a radiant altar of Vehumet.
  7869 | D:9      | Found a hazy altar of Hepliaklqana.
  8012 | D:9      | Noticed a two-headed ogre
  8022 | D:9      | Killed a two-headed ogre
  8066 | D:9      | Noticed Pikel
  8107 | D:9      | Killed Pikel
  8841 | D:10     | Entered Level 10 of the Dungeon
  9108 | D:10     | Noticed Josephine
  9186 | D:10     | Noticed a two-headed ogre
  9193 | D:10     | Killed a two-headed ogre
  9869 | D:10     | Killed an unseen horror
  9869 | D:10     | Reached skill level 5 in Dodging
  9879 | D:10     | HP: 2/76 [acid (14)]
 10434 | D:10     | Killed Josephine
 10693 | D:10     | Found a staircase to the Lair.
 10795 | D:10     | Reached skill level 5 in Fighting
 10905 | D:11     | Learned a level 9 spell: Shatter
 10926 | D:11     | Noticed a brown ugly thing
 10930 | D:11     | Killed a brown ugly thing
 10930 | D:11     | Reached XP level 12. HP: 86/86 MP: 15/26
 11189 | D:11     | Found a staircase to the Orcish Mines.
 11290 | D:11     | Noticed PaperRat's ghost (journeyman HaBe)
 11337 | D:11     | Killed PaperRat's ghost
 11519 | D:11     | Killed from afar by a lindwurm

Vault maps used:
D:1:      dpeg_arrival_shelter
D:3:      serial_aquarium, aquarium_bridge_square, aquarium_bridge_square,
          aquarium_window_fake, aquarium_window_1, aquarium_view_2f,
          aquarium_pool_side, first_ration, uniq_robin
D:4:      lemuel_doored_altar, nicolae_overflow_hidden_temple,
          kennysheep_okawaru_gauntlet
D:5:      minivault_11, hex_large, lemuel_old_faithful, uniq_crazy_yiuf_cottage,
          uniq_edmund, uniq_sigmund
D:7:      nicolae_ru_path_of_blood, temple_fountains
D:8:      uniq_maurice
D:9:      wad_lake_hut, minitemple, uniq_gastronok, uniq_pikel
D:10:     due_lair_maze_entry_diamond, grunt_tengu_nest, uniq_josephine
D:11:     orc_0_dummy, corexii_leaking_fountain, minmay_lindwurm_lava

Skill      XL: |  1  2  3  4  5  6  7  8  9 10 11 12 |
---------------+-------------------------------------+-----
Dodging        | 2 3 6 7 |  7.7
Spellcasting   | 3 4 5 6 7 10 | 10.6
Earth Magic    | 3 5 6 7 10 | 10.6
Fighting       | 1 2 5 6 |  6.1
Invocations    | 5 8 |  8.0
Stealth        | |  1.5
Transmutations | |  0.7

Action                   |  1- 3 |  4- 6 |  7- 9 | 10-12 || total
-------------------------+-------+-------+-------+-------++-------
Melee: Dagger            |    12 |       |       |       ||    12
       Mace              |     3 |       |       |       ||     3
       Club              |       |    10 |       |       ||    10
       Blowgun           |       |       |       |     3 ||     3
 Fire: Blowgun           |       |    38 |    34 |    15 ||    87
 Cast: Sandblast         |    56 |    74 |    11 |       ||   141
       Passwall          |       |     1 |       |       ||     1
       Stone Arrow       |       |       |   163 |    73 ||   236
       Lee's Rapid Decon |       |       |     1 |   160 ||   161
       Petrify           |       |       |       |    14 ||    14
Invok: Divine Energy     |       |       |     1 |       ||     1
Evoke: Lightning rod     |       |       |       |     3 ||     3
  Use: Scroll            |     2 |    11 |     5 |     1 ||    19
 Stab: Sleeping          |     1 |     1 |       |       ||     2
Armor: Leather armour    |    10 |     3 |    38 |    64 ||   115
       Skin              |       |       |       |     2 ||     2
Dodge: Dodged            |    32 |    36 |    85 |    91 ||   244

Table legend:
 A = Spawn XP
 B = Non-spawn XP
 C = Spawn XP percentage of total XP
 D = Spawn monster count
 E = Non-spawn monster count
 F = Spawn count percentage of total count
 G = Total turns spent on level
                    A         B        C        D         E        F      G
               +---------+---------+-------+---------+---------+-------+---------
         Total |       0 |   26640 |   0.0 |       0 |     281 |   0.0 | 11519
               +---------+---------+-------+---------+---------+-------+---------
           D:1 |       0 |      28 |   0.0 |       0 |      13 |   0.0 |   855
           D:2 |       0 |      40 |   0.0 |       0 |      18 |   0.0 |   915
           D:3 |       0 |     224 |   0.0 |       0 |      33 |   0.0 |  1004
           D:4 |       0 |     212 |   0.0 |       0 |       7 |   0.0 |   568
           D:5 |       0 |     657 |   0.0 |       0 |      20 |   0.0 |   959
           D:6 |       0 |     650 |   0.0 |       0 |      15 |   0.0 |   634
           D:7 |       0 |    1652 |   0.0 |       0 |      24 |   0.0 |  1229
           D:8 |       0 |    5036 |   0.0 |       0 |      48 |   0.0 |  1275
           D:9 |       0 |    7078 |   0.0 |       0 |      44 |   0.0 |  2557
          D:10 |       0 |    6028 |   0.0 |       0 |      33 |   0.0 |   893
          D:11 |       0 |    5035 |   0.0 |       0 |      26 |   0.0 |   630
               +---------+---------+-------+---------+---------+-------+---------
